 Dungeon Crawl Stone Soup version 0.29-a0-334-gb41bcbb86e (webtiles) character file.

Game seed: 4557958034565190546

74 Jortsu the Shield-Bearer (level 4, -3/44 HPs)
             Began as a Troll Fighter on Apr 15, 2022.
             Was an Initiate of Yredelemnul.
             Killed from afar by an orc wizard (8 damage)
             ... with a magic dart
             ... on level 3 of the Dungeon.
             The game lasted 00:03:23 (1514 turns).

Jortsu the Shield-Bearer (Troll Fighter)            Turns: 1514, Time: 00:03:24

Health: -3/44      AC:  4    Str: 36    XL:     4   Next: 9%
Magic:  3/3        EV:  9    Int:  8    God:    Yredelemnul [......]
Gold:   510        SH:  8    Dex: 12    Spells: 3/3 levels left

rFire   . . .      SeeInvis .   a - +1 flail
rCold   . . .      Faith    .   c - +0 kite shield
rNeg    . . .      Spirit   .   b - +0 robe
rPois   +          Reflect  .   (helmet restricted)
rElec   .          Harm     .   (no cloak)
rCorr   .          Rampage  .   (gloves unavailable)
Will    .....                   (boots unavailable)
Stlth   +.........              (no amulet)
HPRegen 0.94/turn               f - +6 ring of strength
MPRegen 0.08/turn               e - ring "Egremurr" {rPois Str+4 Int+4 Dex+3}

@: no status effects
A: large, unfitting armour, claws 3, regeneration 1, shaggy fur 1, tough skin 1
a: Renounce Religion, Recall Undead Harvest


You were on level 3 of the Dungeon.
You worshipped Yredelemnul.
Yredelemnul was noncommittal.
You visited 1 branch of the dungeon, and saw 3 of its levels.

You collected 1161 gold pieces.
You spent 651 gold pieces at shops.

Inventory:

Hand Weapons
 a - a +1 flail (weapon)
Armour
 b - a +0 robe (worn)
 c - a +0 kite shield (worn)
Jewellery
 e - the ring "Egremurr" (right claw) {rPois Str+4 Int+4 Dex+3}
   (You bought it in a shop on level 1 of the Dungeon)

   [ring of poison resistance]

   Str:       It affects your strength (+4).
   Int:       It affects your intelligence (+4).
   Dex:       It affects your dexterity (+3).
   rPois:     It protects you from poison.
 f - a +6 ring of strength (left claw)
 j - a ring of poison resistance
Scrolls
 l - a scroll of teleportation
Potions
 d - a potion of might
 g - a potion of magic
 i - 5 potions of curing
 k - a potion of attraction {unknown}


   Skills:
 + Level 2.8 Fighting
 + Level 2.4 Maces & Flails
 + Level 2.9 Dodging
 + Level 0.2 Stealth
 + Level 3.0 Shields


You had 3 spell levels left.
You didn't know any spells.
Your spell library was empty.

Dungeon Overview and Level Annotations

Branches:
Dungeon (3/15)

Altars:
Yredelemnul

Shops:
D:1 =


Innate Abilities, Weirdness & Mutations

You are too large for most types of armour.
You have claws for hands.
Your natural rate of healing is unusually fast.
You are covered in fur. (AC +1)
You have tough skin. (AC +1)


Message History

Something hits you.
You completely miss something. Something hits you.
You hear some strange, mumbled words.
Something tries to affect you, but you resist.
You closely miss something. Something hits you.
You completely miss something. Something hits you. x2
You bump into the rock wall.
You hear some strange, mumbled words.
Something tries to affect you, but you resist.
You bump into the rock wall.
Something hits you. x2
You bump into the rock wall.
You feel less confused. Something hits you but does no damage.
You closely miss something. Something hits you. x3
* * * LOW HITPOINT WARNING * * *
You barely miss something.
You hear some strange, mumbled words.
A magic dart appears from out of thin air!
The magic dart hits you.
* * * LOW HITPOINT WARNING * * *
You closely miss something. Something hits you.
* * * LOW HITPOINT WARNING * * *
Something hits you.
* * * LOW HITPOINT WARNING * * *
You closely miss something. Something hits you.
* * * LOW HITPOINT WARNING * * *
Something hits you but does no damage. x2
You barely miss something. Something hits you.
* * * LOW HITPOINT WARNING * * *
Something hits you but does no damage.
You miss something. You block something's attack.
You hear some strange, mumbled words.
Something tries to affect you, but you resist.
You sock something! Something hits you.
* * * LOW HITPOINT WARNING * * *
You hear some strange, mumbled words.
A magic dart appears from out of thin air!
The magic dart hits you!
You die...
Your body rises from the dead as a mindless zombie.

########
#<.....#
#####.##
#@# #{#
#o# #..
###


You could see an orc.

Vanquished Creatures
  Jessica (D:2)
  An adder (D:2)
  A worm (D:3)
  An orc (D:3)
  3 ball pythons
  2 bats (D:1)
  4 endoplasms
  A giant cockroach (D:1)
  A goblin (D:1)
  6 jackals (D:1)
  A quokka (D:1)
  5 frilled lizards
  2 kobolds
  3 rats
32 creatures vanquished.

Vanquished Creatures (collateral kills)
  A hobgoblin (D:2)
1 creature vanquished.

Grand Total: 33 creatures vanquished

Notes
Turn   | Place    | Note
-------+----------+-------------------------------------------
     0 | D:1      | Jortsu the Troll Fighter began the quest for the Orb.
     0 | D:1      | Reached XP level 1. HP: 22/22 MP: 0/0
   123 | D:1      | Reached XP level 2. HP: 29/29 MP: 1/1
   253 | D:1      | Found Varghuff's Jewellery Emporium.
   516 | D:1      | Identified a scroll of acquirement
   516 | D:1      | Acquired 1047 gold pieces
   568 | D:1      | Bought the ring "Egremurr" {rPois Str+4 Int+4 Dex+3} for
                  | 651 gold pieces
   754 | D:2      | Reached XP level 3. HP: 32/36 MP: 2/2
   845 | D:2      | Found a faded altar of an unknown god.
   845 | D:2      | Noticed Jessica
   852 | D:2      | Killed Jessica
   868 | D:2      | Prayed at the altar of an unknown god.
   868 | D:2      | Became a worshipper of Yredelemnul the Dark
   868 | D:2      | Reached * piety under Yredelemnul
  1287 | D:2      | Reached XP level 4. HP: 43/44 MP: 3/3
  1300 | D:2      | Reached ** piety under Yredelemnul
  1490 | D:3      | Reached skill level 3 in Shields
  1514 | D:3      | Killed from afar by an orc wizard

Illustrated notes

Levels and vault maps discovered:
D:1:      dpeg_arrival_snail, layout_rooms, serial_shops,
          nicolae_shop_temple_entry_statues_fountains
D:2:      layout_loops_corners, dreamdust_ecumenical_altar_angels_and_demons,
          uniq_jessica
D:3:      layout_basic, chequers_temple_overflow_statue_of_worship,
          minmay_joined_circles

Skill      XL: |  1  2  3  4 |
---------------+-------------+-----
Maces & Flails | 2 |  2.4
Shields        | 3 |  3.0
Fighting       | |  2.8
Dodging        | |  2.9
Stealth        | |  0.2

Action                   |  1- 3 |  4- 6 || total
-------------------------+-------+-------++-------
Melee: Flail             |   110 |    26 ||   136
  Use: Scroll            |     3 |     5 ||     8
 Stab: Sleeping          |     1 |       ||     1
Armor: Robe              |    46 |    11 ||    57
Dodge: Dodged            |    52 |     3 ||    55
Block: Kite shield       |    61 |     5 ||    66

Table legend: (Time is in decaauts)
 A = Elapsed time spent in this place.
 B = Non-inter-level travel time spent in this place.
 C = Inter-level travel time spent in this place.
 D = Time resting spent in this place.
 E = Time spent auto-exploring this place.
 F = Levels seen in this place.
 G = Mean time per level.
                   A        B        C        D        E       F      G
               +--------+--------+--------+--------+--------+-----+--------+
         Total |   1570 |   1509 |     61 |     11 |    959 |   3 |  523.3 |
       Dungeon |   1570 |   1509 |     61 |     11 |    959 |   3 |  523.3 |
               +--------+--------+--------+--------+--------+-----+--------+

Top non-repeatable levels by time:
     D:2: 891 daAuts
     D:1: 631 daAuts
     D:3: 47 daAuts
